Map: Orbital Shipyard

Players

세상을즐겨라 - Winner!

  • Race: Terran Terran
  • League: Grandmaster

ScourgeBalan

  • Race: Terran Terran
  • League: Grandmaster

VOD

Have the link to the VOD?

Description

Time

  • Played on: July 1, 2015, 7:11 a.m.
  • Length: 17:06
Show
View Real Time Build Order
Export as new Build Order

세상을즐겨라 Terran - Winner!

Build Orders: Mech, Siege Tank Drop 

Get SALT Encoding   

  12  0:00  SCV  
  13  0:15  Supply Depot  
  13  0:18  SCV  
  14  0:30  SCV  
  15  0:39  Barracks  
  15  0:42  SCV  
  16  0:56  SCV  
  17  1:17  Command Center, SCV  
  18  1:27  Marine  
  18  1:31  Orbital Command  
  19  1:42  Refinery  
  19  1:44  Refinery  
  19  1:48  Marine  
  20  1:57  Supply Depot  
  20  1:59  SCV  
  21  2:09  Marine  
  21  2:14  SCV  
  23  2:29  Orbital Command  
  23  2:30  Factory  
  23  2:35  Barracks Tech Lab  
  23  2:36  SCV  
  23  2:39  Refinery  
  23  2:49  SCV  
  24  2:55  SCV  
  25  3:01  SCV  
  26  3:07  SCV  
  27  3:13  SCV  
  27  3:19  SCV, Starport  
  29  3:20  Siege Tank  
  29  3:22  Barracks Reactor  
  29  3:25  SCV  
  33  3:32  SCV  
  34  3:37  SCV  
  34  3:38  Supply Depot  
  34  3:44  SCV  
  35  3:49  SCV  
  35  3:52  Siege Tank  
  39  4:01  SCV  
  40  4:03  Viking, Medivac  
  40  4:06  SCV  
  45  4:11  Engineering Bay, Marine  
  45  4:15  SCV  
  47  4:18  SCV  
  48  4:24  Siege Tank  
  48  4:26  Supply Depot  
  48  4:27  SCV  
  52  4:37  Viking  
  54  4:45  Missile Turret  
  54  4:48  SCV  
  54  4:52  Viking, Marine  
  58  5:01  SCV  
  58  5:04  Missile Turret  
  58  5:06  Command Center  
  59  5:09  Missile Turret  
  59  5:12  SCV, Missile Turret  
  60  5:14  Missile Turret  
  60  5:16  Missile Turret  
  60  5:20  Supply Depot  
  60  5:24  Missile Turret  
  60  5:25  SCV x2  
  62  5:42  SCV, Siege Tank  
  66  5:44  Missile Turret  
  66  5:46  SCV, Factory  
  66  5:48  Factory  
  66  5:49  Factory  
  67  5:54  SCV  
  67  5:56  Missile Turret  
  68  5:58  SCV  
  69  6:05  Supply Depot  
  69  6:16  Infernal Pre-Igniter  
  69  6:17  Missile Turret  
  69  6:18  Siege Tank  
  73  6:20  Orbital Command  
  72  6:26  Refinery  
  72  6:32  Armory  
  72  6:34  Armory  
  72  6:38  Hellion x3  
  78  6:41  SCV  
  79  6:55  Refinery  
  79  7:00  Supply Depot x2, Refinery  
  79  7:07  Factory Reactor x2  
  79  7:08  Factory Tech Lab, Orbital Command  
  79  7:09  SCV  
  79  7:13  SCV  
  79  7:15  Factory  
  81  7:16  Factory  
  81  7:26  Terran Vehicle Weapons Level 1  
  81  7:29  Terran Vehicle Armor Level 1  
  81  7:30  Missile Turret  
  81  7:31  Missile Turret  
  81  7:36  SCV  
  82  7:40  SCV  
  81  7:50  SCV  
  78  8:01  SCV x2  
  78  8:02  SCV  
  81  8:10  Hellion x4  
  89  8:12  Factory Tech Lab  
  89  8:13  SCV x2, Factory Reactor  
  89  8:14  SCV  
  89  8:15  Thor x2  
  104  8:21  Missile Turret  
  104  8:25  SCV x2  
  106  8:28  Missile Turret  
  106  8:35  SCV  
  106  8:36  Supply Depot  
  106  8:38  Supply Depot  
  107  8:41  Unknown  
  107  8:47  Fusion Core  
  107  8:49  SCV x2  
  107  8:54  Missile Turret  
  109  8:57  Thor  
  115  9:03  Cyclone x2  
  115  9:04  Hellion  
  115  9:05  Hellion  
  115  9:09  Supply Depot  
  125  9:11  Supply Depot  
  125  9:21  Hi-Sec Auto Tracking  
  125  9:24  Supply Depot  
  125  9:25  Supply Depot  
  125  9:26  Supply Depot x2  
  125  9:31  Hellion x4  
  133  9:33  SCV, Hellion x2  
  133  9:35  Cyclone  
  141  9:46  Hellion  
  141  9:47  Command Center  
  131  9:56  Cyclone, Hellion x2  
  136  10:03  Terran Vehicle Weapons Level 2  
  136  10:06  Terran Vehicle Armor Level 2  
  136  10:07  Cyclone  
  139  10:19  Cyclone  
  140  10:28  Cyclone  
  143  10:32  Hellion x2  
  141  10:39  Cyclone  
  134  10:51  Hellion  
  134  10:52  Hellion, Cyclone  
  139  10:57  Unknown  
  139  11:00  Cyclone, Orbital Command  
  142  11:11  Cyclone  
  144  11:24  Cyclone, Hellion x3  
  144  11:25  Hellion x2  
  157  11:27  Orbital Command  
  157  11:29  Missile Turret  
  157  11:32  Cyclone  
  160  11:38  Missile Turret  
  160  11:39  Missile Turret  
  160  11:40  Refinery  
  160  11:42  Refinery  
  160  11:44  Missile Turret  
  160  11:45  Missile Turret  
  160  11:46  Command Center  
  139  11:56  Cyclone x2, Hellion  
  141  12:07  Cyclone  
  141  12:08  Hellion x5  
  154  12:28  Cyclone  
  148  12:43  Cyclone x2, Hellion x5  
  164  12:54  Terran Vehicle Weapons Level 3  
  164  12:55  Terran Vehicle Armor Level 3  
  164  13:03  Cyclone, Hellion  
  164  13:04  Hellion  
  164  13:05  Hellion x2  
  175  13:08  Factory  
  175  13:12  Factory  
  175  13:15  Cyclone  
  168  13:37  Cyclone x2  
  168  13:38  Hellion x3  
  166  14:01  Cyclone, Hellion x2  
  170  14:09  Cyclone  
  156  14:20  Cyclone, Hellion x2  
  156  14:21  Hellion x2  
  156  14:22  Hellion  
  156  14:23  Hellion  
  161  14:33  Cyclone  
  164  14:41  Cyclone  
  167  14:53  Refinery x2  
  167  14:56  Missile Turret  
  167  14:58  Missile Turret x2  
  167  15:04  Cyclone  
  167  15:05  Cyclone, Hellion x3  
  167  15:06  Factory Tech Lab, Factory Reactor  
  179  15:12  Factory  
  179  15:13  Starport  
  179  15:20  Command Center  
  179  15:32  Command Center  
  179  15:35  Command Center  
  179  15:38  Command Center  
  179  15:39  Command Center  
  179  15:41  Command Center  
  179  15:44  Cyclone x3  
  179  15:45  Hellion x3  
  179  15:46  Cyclone  
  176  16:25  Cyclone x2  
  176  16:26  Cyclone  
Show
View Real Time Build Order
Export as new Build Order

ScourgeBalan Terran 

Build Orders:  

Get SALT Encoding   

  12  0:01  SCV  
  13  0:13  SCV  
  14  0:19  Supply Depot  
  14  0:25  SCV  
  15  0:40  SCV  
  16  0:44  Barracks  
  16  0:50  Refinery  
  16  0:52  SCV  
  17  1:02  Refinery  
  17  1:04  SCV  
  18  1:17  SCV  
  19  1:31  Orbital Command  
  20  1:34  Barracks Tech Lab  
  19  1:43  Factory  
  19  1:46  Barracks Tech Lab  
  19  1:54  Supply Depot  
  19  2:04  SCV  
  19  2:06  Marauder  
  21  2:16  SCV  
  22  2:28  SCV  
  23  2:40  SCV  
  23  2:42  Command Center, Starport  
  24  2:51  Barracks Reactor  
  24  2:52  SCV  
  24  2:56  Siege Tank  
  28  3:01  Supply Depot  
  28  3:04  SCV  
  29  3:16  SCV  
  30  3:29  SCV  
  31  3:37  Viking x2, Engineering Bay  
  31  3:40  Supply Depot  
  31  3:41  SCV  
  36  3:52  Siege Tank  
  36  3:54  SCV  
  40  3:57  Orbital Command  
  40  4:05  Missile Turret  
  40  4:07  SCV  
  41  4:11  Viking  
  43  4:17  Viking  
  43  4:21  SCV  
  46  4:25  SCV  
  46  4:26  Missile Turret  
  47  4:33  SCV  
  48  4:40  Siege Tank  
  48  4:41  SCV  
  52  4:45  SCV  
  53  4:53  SCV, Refinery  
  53  4:57  SCV  
  55  5:00  Command Center  
  55  5:04  Supply Depot  
  55  5:05  SCV  
  56  5:10  SCV  
  56  5:13  Refinery  
  55  5:17  SCV  
  55  5:20  Siege Tank  
  59  5:22  SCV  
  58  5:28  Viking x2  
  58  5:29  SCV  
  58  5:34  SCV  
  64  5:37  Missile Turret  
  64  5:42  SCV, Missile Turret  
  65  5:46  SCV  
  66  5:50  Missile Turret  
  66  5:52  Siege Tank  
  66  5:53  Supply Depot  
  66  5:54  SCV  
  66  5:56  Supply Depot  
  70  6:00  Hi-Sec Auto Tracking, Missile Turret  
  70  6:12  SCV, Viking x2  
  70  6:16  Supply Depot  
  75  6:27  Refinery  
  75  6:28  Siege Tank  
  75  6:29  SCV x2  
  75  6:31  Refinery  
  80  6:37  Missile Turret  
  80  6:41  Planetary Fortress, SCV  
  80  6:42  SCV  
  82  6:48  Starport  
  82  6:49  Missile Turret  
  82  6:53  SCV  
  82  6:54  SCV  
  84  7:06  SCV x2  
  84  7:07  Siege Tank  
  84  7:08  Command Center  
  89  7:16  Liberator x2  
  89  7:18  SCV x2  
  89  7:19  SCV  
  92  7:25  Starport Tech Lab  
  92  7:29  Armory  
  92  7:30  SCV x2  
  92  7:31  SCV  
  92  7:36  Liberator  
  99  7:42  SCV x2  
  99  7:43  SCV  
  100  7:48  Sensor Tower  
  100  7:50  Siege Tank  
  103  7:54  SCV x2  
  103  7:55  SCV  
  108  8:06  Supply Depot x2, SCV  
  108  8:07  Supply Depot  
  108  8:11  Starport x2  
  109  8:19  Supply Depot, SCV  
  110  8:26  Terran Ship Weapons Level 1  
  110  8:29  SCV x2  
  110  8:30  Liberator x2  
  110  8:31  Supply Depot x2  
  110  8:33  Armory  
  112  8:40  SCV  
  112  8:41  SCV, Refinery  
  114  8:44  Refinery  
  120  8:51  Starport Tech Lab  
  120  8:53  Starport Tech Lab  
  118  8:56  SCV x3  
  121  9:08  SCV x3  
  124  9:12  Command Center  
  124  9:13  Missile Turret  
  124  9:18  Planetary Fortress  
  124  9:20  SCV x2  
  124  9:21  SCV  
  127  9:28  Banshee  
  127  9:29  Banshee, Cloaking Field  
  133  9:31  Missile Turret  
  133  9:32  SCV  
  134  9:38  SCV x2  
  134  9:44  SCV  
  130  9:46  Liberator x2  
  130  9:50  SCV x2  
  129  9:56  SCV  
  129  9:58  SCV  
  128  10:02  SCV x2  
  128  10:04  Banshee  
  134  10:08  SCV  
  134  10:10  SCV  
  134  10:11  Banshee x2  
  139  10:14  SCV  
  139  10:15  SCV, Unknown  
  139  10:20  Terran Ship Weapons Level 2, Fusion Core  
  139  10:21  SCV  
  141  10:22  SCV, Terran Ship Armor Level 1  
  141  10:26  SCV  
  143  10:29  Liberator  
  143  10:33  SCV x2  
  143  10:34  SCV  
  146  10:37  Liberator x2  
  146  10:39  SCV  
  140  10:45  SCV x2  
  140  10:46  SCV  
  141  10:51  SCV  
  141  10:56  Planetary Fortress  
  146  10:57  SCV x2  
  146  10:59  Refinery  
  148  11:05  Command Center  
  148  11:08  Liberator  
  148  11:12  Starport  
  148  11:13  SCV, Starport x2  
  148  11:14  SCV x3  
  152  11:22  Hyperflight Rotors  
  152  11:23  Banshee  
  155  11:26  SCV x2  
  155  11:29  SCV x2  
  161  11:34  Refinery, Missile Turret x2  
  161  11:38  SCV  
  162  11:47  Banshee  
  162  11:48  Banshee  
  166  12:10  SCV x2  
  165  12:20  Command Center  
  165  12:21  Liberator  
  165  12:22  Liberator  
  153  12:39  Banshee x3  
  153  12:41  Starport Tech Lab x3  
  153  12:42  Orbital Command  
  156  12:44  SCV  
  156  12:45  SCV x2  
  156  12:50  SCV  
  160  12:57  SCV x2  
  162  13:01  Command Center  
  162  13:02  Command Center  
  162  13:03  SCV, Corvid Reactor, Raven x2, Battlecruiser  
  173  13:07  Siege Tank  
  176  13:14  SCV x4, Factory  
  176  13:15  SCV, Factory  
  178  13:24  Liberator x2  
  178  13:26  SCV  
  158  13:28  SCV  
  158  13:29  SCV x2  
  156  13:36  Planetary Fortress  
  156  13:38  SCV  
  156  13:41  SCV x3  
  149  13:50  SCV  
  149  13:53  SCV x3  
  141  14:02  SCV  
  141  14:05  SCV x3  
  130  14:10  Terran Vehicle Weapons Level 1  
  130  14:11  Terran Ship Armor Level 2  
  130  14:14  SCV  
  130  14:15  SCV  
  123  14:17  SCV x3  
  111  14:27  SCV x2  
  111  14:29  SCV x2  
  109  14:34  Liberator x2  
  109  14:36  SCV  
  109  14:38  Planetary Fortress  
  109  14:39  SCV  
  109  14:41  SCV x2  
  109  14:43  Command Center  
  107  14:49  Banshee x3, SCV  
  107  14:50  Banshee x3  
  107  14:51  SCV  
  131  14:53  SCV x2  
  131  14:57  Refinery  
  133  15:00  Refinery  
  130  15:18  SCV  
  130  15:20  Refinery  
  130  15:21  SCV  
  130  15:22  Refinery  
  129  15:30  SCV  
  129  15:32  Banshee x3  
  129  15:33  SCV  
  129  15:34  Banshee x2  
  129  15:35  Banshee, Factory Tech Lab  
  137  15:38  SCV x3  
  137  15:41  Liberator x2  
  137  15:42  SCV  
  136  15:45  SCV  
  137  15:50  SCV x2  
  137  15:51  SCV  
  135  15:58  SCV  
  135  16:02  SCV  
  135  16:03  SCV x2  
  141  16:04  SCV  
  142  16:16  SCV  
  142  16:23  Command Center  
  137  16:29  SCV  
  137  16:41  SCV, Factory Tech Lab  
  128  16:53  SCV  
  110  16:55  Command Center  
Tags
 
Add a new tag
Caveats
  • Supply blocks, unpowered buildings, or Contaminate may cause inaccurate times.
  • Supply counts are checked every 10 seconds.